 Dungeon Crawl Stone Soup version 0.21-a0-396-ga924934 (webtiles) character file.

6690 Kavrick the Grappler (level 10, -5/100 HPs)
             Began as a Troll Monk on Oct 19, 2017.
             Was a High Priest of Okawaru.
             Slain by a seven-headed hydra (11 damage)
             ... on level 11 of the Dungeon.
             The game lasted 00:16:04 (7849 turns).

Kavrick the Grappler (Troll Monk)                   Turns: 7849, Time: 00:16:05

Health: -5/100     AC:  9    Str: 24    XL:     10   Next: 74%
Magic:  21/21      EV: 13    Int: 16    God:    Okawaru [*****.]
Gold:   415        SH:  0    Dex: 12    Spells: 9/9 levels left

rFire    . . .     SeeInvis .     - Unarmed
rCold    . . .     Gourm    +   (no shield)
rNeg     . . .     Faith    .   a - +1 robe
rPois    .         Spirit   .   z - +3 hat of Pondering {ponderous, MR+ MP+10 Int+5}
rElec    .         Reflect  .   C - scarf {cloud immunity}
rCorr    .         Harm     .   (gloves unavailable)
MR       +....                  (boots unavailable)
Stlth    ++........             (no amulet)
HPRegen  0.66/turn              x - +5 ring of intelligence
MPRegen  0.17/turn              F - ring of wizardry

@: slow
A: unfitting armour, claws 3, fast metabolism 3, gourmand, regeneration 1,
shaggy fur 1, tough skin 2
a: Heroism, Finesse, Renounce Religion


You were on level 11 of the Dungeon.
You worshipped Okawaru.
Okawaru was extremely pleased with you.
You were very full.

You visited 2 branches of the dungeon, and saw 12 of its levels.

You collected 499 gold pieces.
You spent 84 gold pieces at shops.

Inventory:

Armour
 a - a +1 robe (worn)
 z - the +3 hat of Pondering (worn) {ponderous, MR+ MP+10 Int+5}
   (You acquired it on level 10 of the Dungeon)

   It affects your intelligence (+5).
   It affects your resistance to hostile enchantments.
   It affects your magic capacity (+10).
 C - a scarf of cloud immunity (worn)
Jewellery
 x - a +5 ring of intelligence (left claw)
 y - an uncursed amulet of rage
 F - a ring of wizardry (right claw)
 H - an uncursed amulet of faith
Wands
 s - a wand of acid (10/15)
 v - a wand of flame (12/48)
 A - a wand of polymorph (5/24)
 B - a wand of clouds (1/9)
Scrolls
 e - 2 scrolls of immolation
 g - 2 scrolls of identify
 j - 2 scrolls of teleportation
 p - a scroll of fog
 r - 2 scrolls of enchant weapon
 D - a scroll of fear
 I - a scroll of magic mapping {unknown}
Potions
 c - 6 potions of heal wounds
 d - 4 potions of invisibility
 h - a potion of haste {unknown}
 i - a potion of might {unknown}
 k - a potion of degeneration {unknown}
 m - 2 potions of agility
 n - 5 potions of curing
 o - 3 potions of lignification
 q - a potion of berserk rage {unknown}
Books
 f - a book of Battle

   Spells                             Type                      Level
   a - Infusion                       Charms                       1
   b - Shroud of Golubria             Charms/Translocation         2
   c - Song of Slaying                Charms                       2
   d - Spectral Weapon                Hexes/Charms                 3
   e - Regeneration                   Charms/Necromancy            3
 t - a book of Misfortune

   Spells                             Type                      Level
   a - Confusing Touch                Hexes                        1
   b - Confuse                        Hexes                        3
   c - Gell's Gravitas                Translocation                3
   d - Petrify                        Transmutation/Earth          4
   e - Metabolic Englaciation         Hexes/Ice                    5
   f - Yara's Violent Unravelling     Hexes/Transmutation          5
 E - a book of Cantrips

   Spells                             Type                      Level
   a - Confusing Touch                Hexes                        1
   b - Animate Skeleton               Necromancy                   1
   c - Summon Small Mammal            Summoning                    1
   d - Apportation                    Translocation                1
Comestibles
 b - 11 bread rations
 l - 7 royal jellies
 u - 4 meat rations
 w - 9 fruits
 G - 2 chunks of flesh


   Skills:
 + Level 6.4 Fighting
 + Level 5.8 Armour
 + Level 6.5 Dodging
 - Level 1.0 Stealth
 * Level 10.5 Unarmed Combat
 + Level 3.3 Invocations


You had 9 spell levels left.
You didn't know any spells.

Dungeon Overview and Level Annotations

Branches:
Dungeon (11/15)            Temple (1/1) D:4            Lair (0/6) D:9
    Orc: D:9-12

Altars:
Ashenzari
Cheibriados
Dithmenos
Elyvilon
Fedhas
Gozag
Hepliaklqana
Kikubaaqudgha
Makhleb
Nemelex Xobeh
Okawaru
Qazlal
Ru
Sif Muna
Trog
Uskayaw
Vehumet
Wu Jian
Xom
Yredelemnul
Zin
The Shining One

Shops:
D:7 *   D:10 *

Annotations:
D:5 exclusion: oklob plant


Innate Abilities, Weirdness & Mutations

You are too large for most types of armour.
You have claws for hands.
Your metabolism is lightning-fast.
You like to eat raw meat.
Your natural rate of healing is unusually fast.
You are covered in fur. (AC +1)
You have very tough skin. (AC +2)


Message History

* * * LOW HITPOINT WARNING * * *
Something hits you!
* * * LOW HITPOINT WARNING * * *
Something hits you but does no damage.
You scratch something. Something hits you but does no damage.
Something hits you.
* * * LOW HITPOINT WARNING * * *
There is an escape hatch in the floor here.
Something hits you.
* * * LOW HITPOINT WARNING * * *
You slide downwards.
The hatch slams shut behind you.
A seven-headed hydra comes into view.
The seven-headed hydra roars!
You open the door. The seven-headed hydra bites you!
* * * LOW HITPOINT WARNING * * *
The seven-headed hydra barely misses you.
The seven-headed hydra bites you but does no damage.
The seven-headed hydra bites you!
You die...

......
.....########
#............
#............
#............
#............
#............
######@#####
#......D....#
+...........#
#...........#
#######+#####


You could see a seven-headed hydra.

Vanquished Creatures
  A two-headed ogre (D:8)
  The ghost of Rhok the Martial Artist, a novice DsMo of Makhleb (D:9)
  Psyche (D:10)
  Joseph (D:8)
  A hippogriff (D:9)
  A spriggan (D:7)
  A hungry ghost (D:9)
  3 wargs
  An orc warrior (D:8)
  4 sky beasts
  A black bear (D:7)
  A necrophage (D:10)
  A phantom (D:8)
  6 ogres
  5 centaurs
  2 big kobolds (D:7)
  A gnoll sergeant (D:7)
  6 bullfrogs
  4 scorpions
  4 howler monkeys (D:9)
  9 wights
  A crimson imp (D:7)
  3 bullfrog zombies
  3 centaur skeletons
  2 hounds
  A jelly (D:9)
  5 orc priests
  An iron imp (D:9)
  An orc wizard (D:7)
  4 bullfrog skeletons
  An iguana (D:4)
  5 worker ants
  A worker ant zombie (D:5)
  5 gnolls (D:7)
  11 adders
  3 shadow imps
  An ooze (D:5)
  2 adder skeletons
  2 worms
  4 leopard geckos
  17 orcs
  6 giant cockroaches
  13 goblins
  6 hobgoblins
  2 jackals (D:4)
  15 kobolds
  4 quokkas
  2 ball pythons
  7 bats
  9 frilled lizards
  4 rats
196 creatures vanquished.

Notes
Turn   | Place    | Note
-------+----------+-------------------------------------------
     0 | D:1      | Kavrick the Troll Monk began the quest for the Orb.
     0 | D:1      | Reached XP level 1. HP: 22/22 MP: 0/0
   141 | D:1      | Reached XP level 2. HP: 29/29 MP: 1/1
   537 | D:1      | Reached XP level 3. HP: 35/36 MP: 2/2
   880 | D:2      | Found an opulent altar of Gozag.
   916 | D:2      | Found a faded altar of an unknown god.
  1127 | D:2      | Reached skill level 1 in Armour
  1211 | D:2      | Found a sacrificial altar of Ru.
  1339 | D:3      | Reached XP level 4. HP: 40/44 MP: 3/3
  1483 | D:3      | Found a sparkling altar of Nemelex Xobeh.
  1594 | D:3      | Reached skill level 4 in Unarmed Combat
  2300 | D:4      | Reached XP level 5. HP: 41/53 MP: 4/4
  2351 | D:4      | Found an opulent altar of Gozag.
  2351 | D:4      | Found a burning altar of Makhleb.
  2353 | D:4      | Found a hazy altar of Hepliaklqana.
  2425 | D:4      | Noticed an ogre
  2433 | D:4      | Killed an ogre
  2433 | D:4      | Reached XP level 6. HP: 61/61 MP: 5/5
  2554 | D:4      | Found a staircase to the Ecumenical Temple.
  2563 | Temple   | Entered the Ecumenical Temple
  2602 | Temple   | Became a worshipper of Warmaster Okawaru
  2602 | Temple   | Reached * piety under Okawaru
  2602 | Temple   | Reached ** piety under Okawaru
  2667 | D:5      | Entered Level 5 of the Dungeon
  2674 | D:5      | Reached skill level 5 in Unarmed Combat
  2798 | D:5      | Reached XP level 7. HP: 30/67 MP: 3/6
  3114 | D:5      | Reached skill level 6 in Unarmed Combat
  3176 | D:5      | Found a bloodstained altar of Trog.
  3203 | D:5      | Found a blossoming altar of Fedhas.
  3224 | D:5      | Noticed an oklob plant
  3641 | D:6      | Reached *** piety under Okawaru
  3738 | D:6      | Found a shattered altar of Ashenzari.
  3830 | D:6      | Reached XP level 8. HP: 65/78 MP: 7/7
  4472 | D:7      | Reached skill level 7 in Unarmed Combat
  4693 | D:7      | Found Ilokhoni's General Store.
  4976 | D:7      | Reached skill level 5 in Dodging
  4981 | D:7      | Reached skill level 8 in Unarmed Combat
  4988 | D:7      | Reached skill level 5 in Fighting
  4988 | D:7      | Reached XP level 9. HP: 61/88 MP: 5/8
  5168 | D:7      | Reached **** piety under Okawaru
  5421 | D:8      | Noticed a two-headed ogre
  5436 | D:8      | Killed a two-headed ogre
  5436 | D:8      | Reached skill level 9 in Unarmed Combat
  5591 | D:8      | Noticed Joseph
  5604 | D:8      | Killed Joseph
  5604 | D:8      | Reached skill level 1 in Invocations
  5758 | D:8      | Found a basalt altar of Yredelemnul.
  5774 | D:8      | Reached ***** piety under Okawaru
  5803 | D:8      | Reached skill level 5 in Armour
  6063 | D:8      | Found a white marble altar of Elyvilon.
  6159 | D:8      | Found an ornate altar of the Wu Jian Council.
  6315 | D:9      | Reached XP level 10. HP: 97/98 MP: 10/10
  6541 | D:9      | Found a snail-covered altar of Cheibriados.
  6918 | D:9      | Found a staircase to the Lair.
  6954 | D:9      | Found a stormy altar of Qazlal.
  7098 | D:9      | Noticed Rhok's ghost (novice DsMo)
  7131 | D:9      | Killed Rhok's ghost
  7131 | D:9      | Reached skill level 10 in Unarmed Combat
  7538 | D:10     | Entered Level 10 of the Dungeon
  7571 | D:10     | Identified a scroll of acquirement
  7572 | D:10     | Found the +3 hat of Pondering {ponderous, MR+ MP+10 Int+5}
  7577 | D:10     | Noticed Psyche
  7617 | D:10     | Killed Psyche
  7708 | D:10     | Found Viaca's Assorted Antiques.
  7715 | D:10     | Bought a scroll of remove curse for 84 gold pieces
  7843 | D:11     | Noticed a seven-headed hydra
  7849 | D:11     | Slain by a seven-headed hydra

Vault maps used:
D:1:      dpeg_arrival_castle
D:2:      lemuel_crystal_altar, chequers_ecumenical_altar_simple,
          nicolae_gozag_cash_rules_everything_around_me
D:3:      nemelex_xobeh_ov_fountains_minmay, first_bread
D:4:      grunt_temple_overflow_open, minmay_temple_entry_fiery,
          nrook_mini_vaults, serial_bayou_pond_d, kennysheep_generic_room_15
D:5:      kennysheep_mini, tgw_fedhas
D:6:      lemuel_coloured_pillars_altar
D:7:      serial_shops, shop, roderic_roman_lattice, the_bakery
D:8:      kennysheep_ying_yang, nicolae_overflow_crystal_walls, uniq_joseph
D:9:      slow_altar_1, lemuel_crystal_altar, erik_lair_orcish_takeover,
          minmay_door_square
D:10:     david_orc_5, nicolae_trove_entry_free_sample, serial_shops,
          nicolae_shop_stone, uniq_psyche
Temple:   jpeg_temple_island

Skill      XL: |  1  2  3  4  5  6  7  8  9 10 |
---------------+-------------------------------+-----
Armour         | 1 2 3 4 5 |  5.8
Unarmed Combat | 4 5 6 8 9 10 | 10.5
Dodging        | 3 4 5 6 |  6.5
Fighting       | 3 4 5 6 |  6.4
Invocations    | 1 3 |  3.3
Stealth        | |  1.0

Action                   |  1- 3 |  4- 6 |  7- 9 | 10-12 || total
-------------------------+-------+-------+-------+-------++-------
Melee: Unarmed           |   108 |   120 |   247 |   169 ||   644
       Punch             |       |     1 |     7 |     8 ||    16
Invok: Heroism           |       |     1 |     6 |     4 ||    11
  Use: Scroll            |       |       |     9 |    11 ||    20
 Stab: Sleeping          |     7 |     2 |     1 |       ||    10
  Eat: Chunk             |    17 |    14 |    28 |    24 ||    83
Armor: Robe              |    31 |    26 |    46 |    36 ||   139
Dodge: Dodged            |    54 |    71 |   125 |    69 ||   319

Table legend:
 A = Spawn XP
 B = Non-spawn XP
 C = Spawn XP percentage of total XP
 D = Spawn monster count
 E = Non-spawn monster count
 F = Spawn count percentage of total count
 G = Total turns spent on level
                    A         B        C        D         E        F      G
               +---------+---------+-------+---------+---------+-------+---------
         Total |       0 |    9558 |   0.0 |       0 |     196 |   0.0 |  7849
               +---------+---------+-------+---------+---------+-------+---------
           D:1 |       0 |      45 |   0.0 |       0 |      28 |   0.0 |   763
           D:2 |       0 |      40 |   0.0 |       0 |      18 |   0.0 |   546
           D:3 |       0 |      56 |   0.0 |       0 |      11 |   0.0 |   603
           D:4 |       0 |     302 |   0.0 |       0 |      14 |   0.0 |   680
           D:5 |       0 |     646 |   0.0 |       0 |      21 |   0.0 |   757
           D:6 |       0 |     533 |   0.0 |       0 |      11 |   0.0 |   881
           D:7 |       0 |    1703 |   0.0 |       0 |      35 |   0.0 |  1111
           D:8 |       0 |    2626 |   0.0 |       0 |      20 |   0.0 |  1147
           D:9 |       0 |    2673 |   0.0 |       0 |      25 |   0.0 |   975
          D:10 |       0 |     934 |   0.0 |       0 |      13 |   0.0 |   305
               +---------+---------+-------+---------+---------+-------+---------
